 Dungeon Crawl Stone Soup version 0.18-a0-1372-gd644665 (webtiles) character file.

270 Leszczynek the Cudgeler (level 6, 0/47 HPs)
             Began as a Mummy Berserker on Feb 21, 2016.
             Was a Believer of Trog.
             Slain by a centaur (6 damage)
             ... on level 3 of the Dungeon.
             The game lasted 00:28:53 (6852 turns).

Leszczynek the Cudgeler (Mummy Berserker)           Turns: 6852, Time: 00:28:53

Health: 0/47       AC:  6    Str: 22    XL:     6   Next: 1%
Magic:  6/6        EV: 10    Int:  6    God:    Trog [**....]
Gold:   231        SH:  0    Dex: 12    Spells: 0 memorised, 5 levels left

rFire  x . .     SeeInvis .     s - +0 morningstar
rCold  + . .     Gourm    .     g - +0 scale mail
rNeg   + + +     Faith    .     (no shield)
rPois  ∞         Spirit   .     (no helmet)
rElec  .         Dismiss  .     (no cloak)
rCorr  .         Reflect  .     (no gloves)
SustAt .         Harm     .     (no boots)
MR     +++..                    (no amulet)
Stlth  ..........               (no ring)
                                l - ring of protection from magic

@: regenerating, extremely resistant to hostile enchantments, extremely
unstealthy
A: no food or potions, fire vulnerability, cold resistance 1, negative energy
resistance 3, torment resistance, unbreathing
a: Trog's Hand, Burn Spellbooks, Renounce Religion


You were on level 3 of the Dungeon.
You worshipped Trog.
Trog was pleased with you.
You were not hungry.

You visited 1 branch of the dungeon, and saw 4 of its levels.

You collected 231 gold pieces.

Inventory:

Hand Weapons
 a - a +0 mace
 r - a +0 quarterstaff
 s - a +0 morningstar (weapon)
Missiles
 b - 6 poisoned javelins
 c - 3 tomahawks
 e - 85 stones (quivered)
 f - 32 bolts
 i - 51 poisoned needles
 j - 56 sling bullets
 k - 5 javelins
 p - 45 arrows
Armour
 g - a +0 scale mail (worn)
Jewellery
 l - a ring of protection from magic (left hand)
Scrolls
 h - a scroll of remove curse
 m - a scroll of recharging
 n - a scroll of magic mapping {unknown}
 q - a scroll of fog {unknown}
 t - a scroll of fear {unknown}


   Skills:
 - Level 3.0 Fighting
 + Level 5.6 Maces & Flails
 - Level 1.5 Armour
 - Level 1.5 Dodging


You had 5 spell levels left.
You didn't know any spells.

Dungeon Overview and Level Annotations

Branches:
Dungeon (4/15)
 Temple: D:4-7

Altars:
Cheibriados
Elyvilon
Fedhas
Nemelex Xobeh
Pakellas
Sif Muna
Xom
Yredelemnul

Shops:
D:4 !

Annotations:
D:4 sky beast, ogre, Natasha


Innate Abilities, Weirdness & Mutations

You do not eat or drink.
Your flesh is vulnerable to fire.
You are immune to poison.
Your flesh is cold resistant.
You are immune to negative energy.
You are immune to unholy pain and torment.
You can survive without breathing.


Message History

* * * LOW HITPOINT WARNING * * *
You barely miss the centaur.
The centaur is lightly wounded.
The centaur hits you but does no damage.
The centaur hits you!
* * * LOW HITPOINT WARNING * * *
Your skin crawls.
You feel resistant to hostile enchantments.
The centaur hits you.
* * * LOW HITPOINT WARNING * * *
The centaur hits you.
* * * LOW HITPOINT WARNING * * *
You hit the centaur.
The centaur is moderately wounded.
The centaur barely misses you. x2
A giant gecko comes into view.
You barely miss the centaur.
The centaur is moderately wounded.
The centaur hits you.
You die...

#.#.# #.# #...........##### #.#.#
#.# #[##...###..### # #.#.#
#.###.###..##.#...# # #.#.#
#..........#†####.# # #.#.#
#####.####..## #.# # ##.#.# #..#
#.## #.# # .....# #.## #.# #.# #
###### #(# #.########## # #@#
#>.......... # #c# #........... #
##.## ##.......... # ##...##
########### # ##.....## #.# #.#
## ##.......#####.###.###
.###########...............c.....
.#.......)........l.#####..##.###
.#.###########.....## ##.>##.#


You could see a centaur and a giant gecko.

Vanquished Creatures
  A water moccasin skeleton (D:4)
  Natasha (D:4)
  2 worker ants
  A hound zombie (D:4)
  3 adders
  An ooze (D:2)
  7 worms
  2 giant geckos
  6 orcs (D:4)
  4 giant cockroaches
  10 goblins
  7 hobgoblins
  2 jackals (D:3)
  8 kobolds
  4 ball pythons
  8 bats
  8 giant newts
  A quokka skeleton (D:4)
  8 rats
84 creatures vanquished.

Notes
Turn   | Place    | Note
--------------------------------------------------------------
     0 | D:1      | Leszczynek the Mummy Berserker began the quest for the Orb.
     0 | D:1      | Reached XP level 1. HP: 18/18 MP: 1/1
   743 | D:1      | Reached XP level 2. HP: 21/24 MP: 2/2
  1648 | D:1      | Reached ** piety under Trog
  1752 | D:2      | Reached XP level 3. HP: 29/29 MP: 3/3
  2915 | D:2      | Reached skill level 4 in Maces & Flails
  2990 | D:2      | Reached XP level 4. HP: 15/35 MP: 4/4
  3600 | D:3      | Found a basalt altar of Yredelemnul.
  4149 | D:3      | Found a deep blue altar of Sif Muna.
  4328 | D:4      | Noticed a sky beast
  4467 | D:4      | Noticed an ogre
  4968 | D:4      | so yeah
  4968 | D:4      | adder almost kills me
  4968 | D:4      | worker ant does about 2 damage before dying
  4968 | D:4      | love the rng
  5031 | D:3      | fucking cat and mouse
  5031 | D:3      | now which one had an ogre in it so i don't use it
  5174 | D:3      | can't beat a skeleton
  5176 | D:3      | this is sad
  5404 | D:4      | >javelin hits the water moccasin skeleton but does no damage
  5404 | D:4      | the power of AC 0+
  5407 | D:4      | Reached skill level 5 in Maces & Flails
  5407 | D:4      | Reached XP level 5. HP: 33/41 MP: 5/5
  5408 | D:4      | oh, and this time it died in 3 hits
  5408 | D:4      | nice
  5482 | D:4      | Found Zook's Distillery.
  5484 | D:4      | potion shop, awesome
  5539 | D:4      | Found a shimmering altar of Xom.
  5545 | D:4      | Found a snail-covered altar of Cheibriados.
  5546 | D:4      | Found a sparkling altar of Nemelex Xobeh.
  5549 | D:4      | Found a white marble altar of Elyvilon.
  5550 | D:4      | Found a blossoming altar of Fedhas.
  5754 | D:4      | Found an oddly glowing altar of Pakellas.
  5758 | D:4      | Noticed Natasha
  5770 | D:4      | Killed Natasha
  5875 | D:4      | Noticed an ogre
  5919 | D:3      | Reached *** piety under Trog
  6087 | D:4      | well
  6087 | D:4      | i'm royally fucked
  6087 | D:4      | i might die even with blowing tele
  6101 | D:4      | 1 out of 2 tele gone
  6183 | D:4      | wow, sky beast right next to me
  6183 | D:4      | fuck this game
  6334 | D:3      | Noticed a centaur
  6334 | D:3      | COME THE FUCK ON
  6334 | D:3      | now centaur on d:3
  6583 | D:4      | Reached XP level 6. HP: 43/47 MP: 6/6
  6600 | D:4      | Noticed Natasha
  6852 | D:3      | Slain by a centaur

Vault maps used:
D:1:      dpeg_arrival_arbitrary_a, roderic_cross_of_infinity,
          corexii_item_surrounded_by_moat, hangedman_glass_teeth
D:2:      minmay_misc_feat_pillars
D:3:      overflow_temple_1_default, lemuel_blue_sif_altar
D:4:      grunt_pakellas_basics, minitemple, first_bread, serial_shops, shop,
          uniq_natasha

Action                   |  1- 3 |  4- 6 || total
-------------------------+-------+-------++-------
Melee: Mace              |   142 |    52 ||   194
       Morningstar       |       |   140 ||   140
       Quarterstaff      |       |     9 ||     9
Throw: Stone             |   105 |    66 ||   171
       Javelin           |     1 |     3 ||     4
Invok: Trog's Hand       |       |     3 ||     3
  Use: Scroll            |     1 |     5 ||     6
